 Dungeon Crawl Stone Soup version 0.22.1-2-g9c5b331 (webtiles) character file.

1132 whitewolfNL the Basher (level 8, -8/67 HPs)
             Began as a Minotaur Berserker on Nov 21, 2018.
             Was a Believer of Trog.
             Mangled by an orc warrior
             ... wielding a +0 flail
              (15 damage)
             ... on level 6 of the Dungeon.
             The game lasted 00:13:55 (3103 turns).

whitewolfNL the Basher (Minotaur Berserker)         Turns: 3103, Time: 00:13:55

Health: -8/67      AC:  6    Str: 28    XL:     8   Next: 13%
Magic:  7/7        EV: 14    Int:  5    God:    Trog [**....]
Gold:   266        SH:  0    Dex: 10    Spells: 7/7 levels left

rFire    . . .     SeeInvis .   y - +2 whip (elec)
rCold    . . .     Gourm    .   (no shield)
rNeg     . . .     Faith    .   C - +0 ring mail (curse)
rPois    .         Spirit   .   (helmet restricted)
rElec    .         Reflect  .   (no cloak)
rCorr    .         Harm     .   (no gloves)
MR       .....                  (no boots)
Stlth    +.........             (no amulet)
HPRegen  0.21/turn              g - +2 ring of evasion
MPRegen  0.10/turn              v - +5 ring of strength

@: berserk cooldown, slowed, very slow
A: retaliatory headbutt, horns 2
a: Berserk, Trog's Hand, Renounce Religion


You were on level 6 of the Dungeon.
You worshipped Trog.
Trog was pleased with you.
You were near starving.

You visited 1 branch of the dungeon, and saw 6 of its levels.

You collected 266 gold pieces.

Inventory:

Hand Weapons
 m - a +0 hunting sling
 u - a +1 hand axe of venom
 y - a +2 whip of electrocution (weapon)
Missiles
 b - 34 bolts
 h - 172 stones (quivered)
 s - 16 sling bullets
Armour
 j - a +0 chain mail
 z - a cursed +0 chain mail
 A - a +0 leather armour
 C - a cursed +0 ring mail (worn)
Jewellery
 g - a +2 ring of evasion (left hand)
 o - an uncursed ring of resist corrosion {unknown}
 v - a +5 ring of strength (right hand)
 E - a cursed ring of attention {unknown}
Wands
 B - a wand of enslavement (18)
Scrolls
 a - 2 scrolls of remove curse
 d - a scroll of blinking {unknown}
 e - a scroll of random uselessness {unknown}
 f - 2 scrolls of amnesia {unknown}
 i - 6 scrolls of identify
 n - a scroll of fear {unknown}
 p - a scroll of immolation {unknown}
 q - 2 scrolls of noise {unknown}
 F - a scroll of fog {unknown}
Potions
 k - a potion of curing {unknown}
 l - a potion of flight {unknown}
 r - 3 potions of brilliance
 t - a potion of lignification {unknown}
 w - a potion of ambrosia {unknown}
 x - 2 potions of berserk rage {unknown}
 D - a potion of resistance {unknown}
Comestibles
 c - 10 rations


   Skills:
 + Level 4.9 Fighting
 * Level 8.2 Maces & Flails
 * Level 6.6 Armour
 * Level 4.1 Dodging
 * Level 2.5 Stealth


You had 7 spell levels left.
You didn't know any spells.
Your spell library was empty.

Dungeon Overview and Level Annotations

Branches:
Dungeon (6/15)
 Temple: D:4-7

Altars:


Innate Abilities, Weirdness & Mutations

You reflexively headbutt those who attack you in melee.
You have a pair of horns on your head.


Message History

Okay, then.
You hit the orc warrior.
You headbutt the orc warrior, but do no damage.
The orc warrior is almost dead.
The orc hits you from afar with a trident.
The orc warrior barely misses you.
You hit the orc warrior but do no damage.
The orc warrior is almost dead.
The orc barely misses you. The orc warrior hits you with a flail!!
* * * LOW HITPOINT WARNING * * *
You hit the orc warrior but do no damage.
The orc warrior is almost dead.
The orc hits you from afar with a trident.
* * * LOW HITPOINT WARNING * * *
The orc warrior hits you with a flail.
* * * LOW HITPOINT WARNING * * *
You closely miss the orc warrior.
The orc warrior is almost dead.
The orc closely misses you. The orc warrior hits you with a flail!
You die...

####.#
#.............#
#..... #.#
#........######
#..... ###.#
#........#
#..... #...#
##########
#..... #.####
#..... #....#
#..... ####.#
######
#.#############
#...........@.#
#############o#
#..o# #.#o+
#o#.# . ..# ..
..# .z ..# ..Z
....


You could see an orc warrior and 2 orcs.

Vanquished Creatures
  Pikel (D:4)
  Grinder (D:2)
  Eustachio (D:4)
  An ogre (D:4)
  A scorpion (D:4)
  A hound (D:4)
  An orc priest (D:3)
  An orc wizard (D:3)
  3 adders
  4 gnolls (D:2)
  A shadow imp (D:4)
  3 oozes
  An adder zombie (D:6)
  3 worms (D:3)
  A leopard gecko (D:3)
  7 orcs
  2 giant cockroaches
  3 goblins
  4 hobgoblins
  2 quokkas
  5 bats
  4 frilled lizards
  A jackal skeleton (D:4)
  5 kobolds
  3 rats
60 creatures vanquished.

Vanquished Creatures (others)
  A slave (D:4)
  An adder (D:4)
  A worm (D:4)
  An orc (D:4)
4 creatures vanquished.

Grand Total: 64 creatures vanquished

Notes
Turn   | Place    | Note
-------+----------+-------------------------------------------
     0 | D:1      | whitewolfNL the Minotaur Berserker began the quest for the
                  | Orb.
     0 | D:1      | Reached XP level 1. HP: 19/19 MP: 0/0
    52 | D:1      | Reached XP level 2. HP: 18/27 MP: 1/1
   160 | D:1      | Reached skill level 4 in Maces & Flails
   741 | D:2      | Reached XP level 3. HP: 33/33 MP: 2/2
   850 | D:2      | Reached XP level 4. HP: 40/40 MP: 3/3
   944 | D:3      | Reached skill level 1 in Stealth
   947 | D:3      | Reached ** piety under Trog
  1047 | D:3      | Noticed Grinder
  1057 | D:3      | Reached skill level 5 in Maces & Flails
  1064 | D:3      | Reached XP level 5. HP: 20/46 MP: 4/4
  1068 | D:3      | Paralysed by Grinder for 2 turns
  1085 | D:2      | Killed Grinder
  1085 | D:2      | Reached skill level 6 in Maces & Flails
  1085 | D:2      | Reached XP level 6. HP: 10/53 MP: 5/5
  2157 | D:4      | Noticed a slave
  2157 | D:4      | Noticed Pikel
  2158 | D:4      | Noticed a slave
  2158 | D:4      | Noticed a slave
  2164 | D:4      | Killed Pikel
  2164 | D:4      | Reached skill level 7 in Maces & Flails
  2164 | D:4      | Reached skill level 5 in Armour
  2164 | D:4      | Reached XP level 7. HP: 60/60 MP: 6/6
  2208 | D:4      | Noticed Eustachio
  2217 | D:4      | Killed Eustachio
  2333 | D:4      | Reached skill level 8 in Maces & Flails
  2333 | D:4      | Reached XP level 8. HP: 67/67 MP: 7/7
  2731 | D:5      | Entered Level 5 of the Dungeon
  3103 | D:6      | Mangled by an orc warrior

Skill      XL: |  1  2  3  4  5  6  7 |
---------------+----------------------+-----
Maces & Flails | 4 5 6 7 8 |  8.2
Fighting       | 4 |  4.9
Armour         | 3 4 5 6 |  6.6
Stealth        | 1 2 |  2.5
Dodging        | 3 4 |  4.1

Action                   |  1- 3 |  4- 6 |  7- 9 || total
-------------------------+-------+-------+-------++-------
Melee: Mace              |    41 |       |       ||    41
       Headbutt          |     7 |    19 |     7 ||    33
       Flail             |     5 |    70 |       ||    75
       Whip              |       |       |    34 ||    34
Invok: Berserk           |     3 |     4 |     2 ||     9
  Use: Scroll            |       |       |     2 ||     2
  Eat: Chunk             |     3 |     3 |     4 ||    10
       Ration            |       |     1 |       ||     1
Armor: Animal skin       |     5 |       |       ||     5
       Chain mail        |    16 |    38 |     3 ||    57
       Ring mail         |       |       |     3 ||     3
Dodge: Dodged            |    31 |    33 |    15 ||    79
